[Event "Late-Titled-Tuesday-Blitz-March-26-2024"]
[Site "Chess.com"]
[Date "2024.03.26"]
[Round "6"]
[White "CrushingKings"]
[Black "Byniolus"]
[Result "0-1"]
[WhiteElo "2563"]
[BlackElo "2732"]
[TimeControl "180+1"]
[EndTime "15:06:47 PDT"]
[Termination "Byniolus won by resignation"]

1. Nf3 d5 2. g3 Nf6 3. Bg2 Bf5 4. O-O e6 5. d3 Be7 6. c4 c6 7. cxd5 cxd5 8. Nh4 Bg4 9. h3 Bh5 10. g4 Bg6 11. Nxg6 hxg6 12. e4 Nc6 13. Nc3 O-O 14. exd5 exd5 15. Bf4 d4 16. Ne4 Nd5 17. Bd2 Qb6 18.
Rb1 Ne3 19. fxe3 dxe3 20. Kh1 exd2 21. Qxd2 Rad8 22. a3 Ne5 23. Nc3 Rxd3 24. Qe2 Bd6 25. Nd5 Qb3 26. Rbd1 Rxh3+ 27. Bxh3 Qxh3+ 28. Qh2 Qxh2+ 29. Kxh2 Nxg4+ 30. Kg2 Rc8 31. Nf6+ gxf6 32. Rxd6 Ne3+ 0-1

[Event "Late-Titled-Tuesday-Blitz-March-26-2024"]
[Site "Chess.com"]
[Date "2024.03.26"]
[Round "6"]
[White "HansOnTwitch"]
[Black "Shankland"]
[Result "1-0"]
[WhiteElo "3113"]
[BlackElo "2912"]
[TimeControl "180+1"]
[EndTime "15:06:48 PDT"]
[Termination "HansOnTwitch won by resignation"]

1. e4 c5 2. Nf3 d6 3. Bb5+ Bd7 4. c4 Nf6 5. Nc3 g6 6. d4 cxd4 7. Nxd4 Bg7 8. Bxd7+ Nbxd7 9. Be3 O-O 10. f3 a6 11. O-O Rc8 12. Qb3 Ne5 13. Qxb7 Nxc4 14.
Bf2 a5 15. Nc6 Rxc6 16. Qxc6 Nxb2 17. Qb5 Qb8 18. Qxb8 Rxb8 19. Rab1 Nd7 20. Nd1 a4 21.
Nxb2 Bxb2 22. Rfd1 a3 23. Kf1 Ne5 24. Rdc1 e6 25. Bd4 Nd3 26. Rd1 Nc5 27. Bxb2 axb2 28. Rd4 d5 29. Ke2 dxe4 30. fxe4 Kg7 31. Rc4 Rb5 32.
Kd2 Kf6 33. Kc3 Ke5 34. Rxb2 Rb3+ 35. axb3 1-0

[Event "Late-Titled-Tuesday-Blitz-March-26-2024"]
[Site "Chess.com"]
[Date "2024.03.26"]
[Round "6"]
[White "SharathRk6"]
[Black "Stanbad1"]
[Result "1/2-1/2"]
[WhiteElo "2431"]
[BlackElo "2641"]
[TimeControl "180+1"]
[EndTime "15:06:48 PDT"]
[Termination "Game drawn by repetition"]

1. e4 c6 2. d4 d5 3. Nc3 dxe4 4.
Nxe4 Nf6 5. Nxf6+ exf6 6. c3 Bd6 7.
Bd3 O-O 8. Qc2 Re8+ 9. Ne2 h5 10. O-O h4 11. Nf4 Nd7 12. Qd1 Nf8 13. Qh5 Qc7 14. g3 Bd7 15. Bc4 Re7 16. Bd2 Rae8 17. Rae1 Bc8 18.
Rxe7 Rxe7 19. Kg2 Qd7 20. Kg1 Qg4 21. Qxg4 Bxg4 22. h3 Bd7 23. g4 g5 24. Nh5 Nh7 25. Re1 Rxe1+ 26. Bxe1 f5 27. f3 fxg4 28. fxg4 Kf8 29.
Bd3 f5 30. Bxf5 Bxf5 31. gxf5 Kf7 32. Kg2 Nf6 33. Nxf6 Kxf6 34. Kf3 Kxf5 35. Bd2 b5 36. b3 a6 37. c4 Be7 38. d5 cxd5 39. cxd5 Bd6 40. a4 bxa4 41. bxa4 Bc5 42. Bc3 Bd6 43. Bd2 Be7 44. Bc3 Bd6 45. Bd2 1/2-1/2

[Event "Late-Titled-Tuesday-Blitz-March-26-2024"]
[Site "Chess.com"]
[Date "2024.03.26"]
[Round "6"]
[White "Flaccidmoves"]
[Black "Zavgorodniy_Sergiy"]
[Result "0-1"]
[WhiteElo "2445"]
[BlackElo "2652"]
[TimeControl "180+1"]
[EndTime "15:06:50 PDT"]
[Termination "Zavgorodniy_Sergiy won by resignation"]

1. d4 d5 2. c4 dxc4 3. e4 Nf6 4.
e5 Nd5 5. Bxc4 Nb6 6. Bb3 Nc6 7. Ne2 Bf5 8. O-O e6 9. Be3 Nb4 10. Ng3 Bg6 11. f4 Qd7 12. Nc3 N4d5 13. Qf3 Nxe3 14.
Qxe3 c6 15. f5 Bxf5 16. Nxf5 exf5 17. e6 fxe6 18. Bxe6 Qe7 19. Rxf5 Kd8 20. Rf7 Qd6 21. Re1 Be7 22. Rxg7 Bf6 23. Rg4 Re8 24. Re4 Kc7 25.
d5 Rad8 26. Kh1 Kb8 27. a4 Bxc3 28. Qxc3 cxd5 29. R4e2 d4 30. Qd3 Nxa4 31. Qb5 d3 32. Bd5 Qxd5 33. Qxd5 dxe2 34. Qb3 Nc5 35. Qg3+ Ka8 36.
h4 Rd1 37. Kh2 Rxe1 38. Qxe1 Nd3 39. Qd2 e1=Q 40. Qxd3 Qxh4+ 41. Qh3 Qxh3+ 42. Kxh3 0-1

[Event "Late-Titled-Tuesday-Blitz-March-26-2024"]
[Site "Chess.com"]
[Date "2024.03.26"]
[Round "6"]
[White "Laico"]
[Black "sotochess"]
[Result "0-1"]
[WhiteElo "2406"]
[BlackElo "2589"]
[TimeControl "180+1"]
[EndTime "15:06:51 PDT"]
[Termination "sotochess won on time"]

1. e4 d5 2. exd5 Qxd5 3. Nc3 Qa5 4. d4 c6 5. Nf3 Nf6 6. Bc4 Bg4 7. h3 Bh5 8. g4 Bg6 9. Ne5 Nbd7 10. Nxg6 hxg6 11.
Qe2 e6 12. Bd2 Qb6 13. O-O-O Qxd4 14. Bxe6 O-O-O 15. Bg5 Qc5 16. Bxf6 gxf6 17. Bxd7+ Kc7 18. Ne4 Qe7 19. Bxc6 Bh6+ 20. Kb1 bxc6 21. Qc4 f5 22. Nc5 Bd2 23. a4 Rd5 24. Nd3 Ba5 25. c3 Qe4 0-1

[Event "Late-Titled-Tuesday-Blitz-March-26-2024"]
[Site "Chess.com"]
[Date "2024.03.26"]
[Round "6"]
[White "1g60-1"]
[Black "Bilan_Danila"]
[Result "0-1"]
[WhiteElo "2403"]
[BlackElo "2638"]
[TimeControl "180+1"]
[EndTime "15:06:53 PDT"]
[Termination "Bilan_Danila won by resignation"]

1. e4 c6 2. Nf3 d5 3. Nc3 Nf6 4.
e5 Ne4 5. Ne2 Bg4 6. d4 h6 7. Nd2 Nxd2 8. Bxd2 e6 9. c3 c5 10. dxc5 Bxc5 11. Qa4+ Nc6 12. Qxg4 Qb6 13. Qxg7 Bxf2+ 14. Kd1 O-O-O 15. Qxf7 Nxe5 16. Qh5 Nd3 17. Rb1 Bc5 18. Be1 d4 19. Nxd4 Nxe1 20. Kxe1 Bxd4 21.
cxd4 Qb4+ 22. Ke2 Rxd4 23. Rc1+ Kd8 24. Rc3 Qxb2+ 0-1

[Event "Late-Titled-Tuesday-Blitz-March-26-2024"]
[Site "Chess.com"]
[Date "2024.03.26"]
[Round "6"]
[White "cristianserban1"]
[Black "yuriydovzik"]
[Result "1-0"]
[WhiteElo "2545"]
[BlackElo "2112"]
[TimeControl "180+1"]
[EndTime "15:06:53 PDT"]
[Termination "cristianserban1 won on time"]

1. Nf3 b6 2. b3 Bb7 3. Bb2 f6 4. d4 d5 5. Nbd2 e6 6. e3 Bd6 7.
Bd3 f5 8. c4 c6 9. O-O Nd7 10.
Ne5 Nxe5 11. dxe5 Bc7 12. cxd5 cxd5 13. Nf3 Nh6 14. Bb5+ Kf7 15. Nd4 Qe7 16. Qh5+ Kg8 17. Rac1 Bxe5 18. Bc6 Bxd4 19. Bxb7 Bxb2 20. Bxa8 Bxc1 21.
Rxc1 Nf7 22. Rc8+ Nd8 23. h4 g6 24. Qg5 Kf7 25. Qxe7+ Kxe7 26. Rc7+ Kd6 27. Rxa7 Nc6 28.
Bxc6 Kxc6 29. g3 h6 30. Rg7 g5 31. hxg5 hxg5 32. Rxg5 Ra8 33. a4 b5 34. Rg6 Kd6 35.
axb5 Ra5 36. Kg2 Rxb5 37. Kf3 Rxb3 38. Kf4 Rb2 39. Kf3 Rd2 40. Rg8 Ke7 41. Ra8 Kf6 42.
Rh8 Rb2 43. Rh6+ Ke5 44. Rh5 Kf6 45. Rh4 Ke5 46. Rf4 Rc2 47. Kg2 Ra2 48. g4 fxg4 49.
Kg3 Rb2 50. Kxg4 Rc2 51. Rf8 Rc4+ 52. Kg3 Ra4 53. Rh8 1-0

[Event "Late-Titled-Tuesday-Blitz-March-26-2024"]
[Site "Chess.com"]
[Date "2024.03.26"]
[Round "6"]
[White "BilicVladimir"]
[Black "Quattroporte300"]
[Result "1-0"]
[WhiteElo "2655"]
[BlackElo "2488"]
[TimeControl "180+1"]
[EndTime "15:06:55 PDT"]
[Termination "BilicVladimir won on time"]

1. Nf3 c5 2. d4 cxd4 3. Nxd4 Nc6 4. g3 e5 5. Nb5 d6 6. Bg2 a6 7. N5c3 Nf6 8. Nd5 Nxd5 9. Bxd5 Be7 10. c4 Bh3 11. Nc3 O-O 12. Be3 Rc8 13. Qd2 Qa5 14. O-O-O b5 15. Kb1 Bf5+ 16. Be4 Bxe4+ 17. Nxe4 Qxd2 18.
Nxd2 Rfd8 19. Bb6 Rd7 20. cxb5 axb5 21. e4 Rb7 22. Be3 g6 23. Rc1 f5 24. Rc2 Na7 25. Rxc8+ Nxc8 26. Rc1 Nb6 27. Bxb6 Rxb6 28. f3 Kf7 29.
Rc7 Ke6 30. Nf1 Bg5 31. h4 Be7 32. Ne3 Rb8 33. Nd5 Re8 34. Kc2 f4 35. gxf4 Bxh4 36.
Rxh7 Bf2 37. Nc7+ 1-0

[Event "Late-Titled-Tuesday-Blitz-March-26-2024"]
[Site "Chess.com"]
[Date "2024.03.26"]
[Round "6"]
[White "Irishchessman16"]
[Black "CarlosjPineror"]
[Result "0-1"]
[WhiteElo "2555"]
[BlackElo "2724"]
[TimeControl "180+1"]
[EndTime "15:06:57 PDT"]
[Termination "CarlosjPineror won by checkmate"]

1. e4 c5 2. Nf3 e6 3. c3 Nf6 4. e5 Nd5 5. d4 cxd4 6. cxd4 b6 7.
Nc3 Nxc3 8. bxc3 Qc7 9. Rb1 Bb7 10. Be2 Nc6 11. O-O Na5 12. Bg5 h6 13. Bh4 Rc8 14. c4 Nxc4 15. Rc1 b5 16. Nd2 Bd5 17. Bh5 Be7 18. Nxc4 bxc4 19. Bxe7 Kxe7 20. Qg4 g6 21. Qh4+ g5 22. Qg3 Rhg8 23. f4 Qb6 24.
fxg5 Rxg5 25. Rxf7+ Kd8 26. Qh4 Kc7 27. Bf3 Qb2 28. Rf1 Rxg2+ 29. Kh1 Bxf3 30. R7xf3 Rcg8 31. d5 Qe2 32. d6+ Kc6 33. Qf4 R8g4 34. Qf8 Rxh2# 0-1

[Event "Late-Titled-Tuesday-Blitz-March-26-2024"]
[Site "Chess.com"]
[Date "2024.03.26"]
[Round "6"]
[White "Kavyev_Ruslan"]
[Black "frequentblunders"]
[Result "1-0"]
[WhiteElo "2393"]
[BlackElo "2208"]
[TimeControl "180+1"]
[EndTime "15:06:58 PDT"]
[Termination "Kavyev_Ruslan won on time"]

1. d4 e6 2. c4 c5 3. d5 Nf6 4.
Nf3 d6 5. g3 g6 6. Bg2 exd5 7.
cxd5 Bg7 8. Nc3 O-O 9. O-O Re8 10.
Nd2 a6 11. a4 Nbd7 12. Nc4 Qe7 13. Bf4 Ne5 14. Bxe5 dxe5 15. d6 Qe6 16. Nd5 Bd7 17. Ncb6 e4 18. Nc7 Qe5 19. Nbxa8 Ng4 20. Nb6 e3 21. Nxd7 exf2+ 22. Kh1 Qh5 23. h3 1-0

[Event "Late-Titled-Tuesday-Blitz-March-26-2024"]
[Site "Chess.com"]
[Date "2024.03.26"]
[Round "6"]
[White "Polish_fighter3000"]
[Black "alexrustemov"]
[Result "1-0"]
[WhiteElo "3120"]
[BlackElo "2918"]
[TimeControl "180+1"]
[EndTime "15:07:01 PDT"]
[Termination "Polish_fighter3000 won by resignation"]

1. c4 e6 2. Nf3 d5 3. e3 Nf6 4. b3 Be7 5. Bb2 O-O 6. Nc3 b6 7. Rg1 Bb7 8. g4 Nbd7 9. g5 Ne4 10. h4 c5 11. cxd5 exd5 12. Nxe4 dxe4 13. Nh2 f5 14. Bc4+ Kh8 15. Qh5 Nf6 16. gxf6 Bxf6 17. O-O-O Bxb2+ 18. Kxb2 Qf6+ 19. Kb1 Rad8 20. Qg5 g6 21. h5 Kg7 22.
Qxf6+ Kxf6 23. hxg6 hxg6 24. Nf1 Rd6 25. Kc2 Rfd8 26. Ng3 a6 27. a4 Ra8 28. Ne2 Bc6 29. Nc3 g5 30. Rh1 Ke5 31. Rh5 Rg6 32. Rg1 g4 33. d4+ exd3+ 34. Bxd3 Bd7 35. f4+ Kf6 36.
Nd5+ Kg7 37. Ne7 1-0

[Event "Late-Titled-Tuesday-Blitz-March-26-2024"]
[Site "Chess.com"]
[Date "2024.03.26"]
[Round "6"]
[White "a-z30"]
[Black "rhwr"]
[Result "1-0"]
[WhiteElo "2475"]
[BlackElo "2302"]
[TimeControl "180+1"]
[EndTime "15:07:01 PDT"]
[Termination "a-z30 won on time"]

1. d4 c5 2. c4 cxd4 3. Qxd4 Nc6 4. Qd1 Nf6 5. Nf3 d6 6. g3 g6 7. Bg2 Bg7 8. O-O O-O 9. Nc3 Be6 10. Nd5 Qd7 11. Bg5 Rac8 12. b3 Bh3 13. Nxf6+ exf6 14. Bf4 Bxg2 15. Kxg2 Ne5 16. Qd2 Qc6 17. Rad1 Rfd8 18.
Qd5 Nxf3 19. Qxf3 g5 20. Be3 Qa6 21. a4 Qa5 22. Rd3 b6 23. Rfd1 Qe5 24. Rd5 Qe6 25. R1d3 h6 26. Bc1 Re8 27. e3 Bf8 28. g4 Be7 29.
Ba3 Red8 30. h3 Kg7 31. R3d4 Rd7 32. a5 Rdd8 33. axb6 axb6 34. Rb5 Qd7 35. Bb2 Rb8 36. Rf5 Re8 37. Re4 1-0

[Event "Late-Titled-Tuesday-Blitz-March-26-2024"]
[Site "Chess.com"]
[Date "2024.03.26"]
[Round "6"]
[White "Fh2411"]
[Black "kingofthenil"]
[Result "0-1"]
[WhiteElo "2586"]
[BlackElo "2765"]
[TimeControl "180+1"]
[EndTime "15:07:02 PDT"]
[Termination "kingofthenil won by resignation"]

1. d4 d6 2. Nf3 Nc6 3. Bf4 h6 4. h3 g5 5. Bh2 Bg7 6. e3 f5 7. c4 Nf6 8. Nc3 O-O 9. Bd3 Qe8 10. d5 Nb4 11. Bb1 Ne4 12. Nd4 c5 13. dxc6 Nxc3 14.
bxc3 Nxc6 15. O-O Ne5 16. Qb3 Kh8 17. f4 gxf4 18. exf4 Nc6 19. Rd1 Na5 20. Qb4 b6 21. Bd3 Bd7 22. Re1 Rc8 23. Re3 Qf7 24. Rae1 Rfe8 25. Bg3 Nxc4 26. Bxc4 Rxc4 27. Qb2 Kh7 28. Nf3 Bc6 29. Nd4 Be4 30. Bh4 e5 31. fxe5 dxe5 32. Nf3 Qg6 33. Bf2 f4 34. Nh4 fxe3 35. Nxg6 exf2+ 36. Qxf2 Bxg6 37. Qg3 e4 38. Kh1 Rxc3 39. Qf4 e3 40. h4 e2 41. Qg4 h5 42. Qg5 Rc5 43. Qf4 Rd5 44. Qa4 Rd4 45. Qb3 Rxh4+ 0-1

[Event "Late-Titled-Tuesday-Blitz-March-26-2024"]
[Site "Chess.com"]
[Date "2024.03.26"]
[Round "6"]
[White "Zhigalko_Sergei"]
[Black "FabianoCaruana"]
[Result "0-1"]
[WhiteElo "2890"]
[BlackElo "3098"]
[TimeControl "180+1"]
[EndTime "15:07:03 PDT"]
[Termination "FabianoCaruana won on time"]

1. e4 e5 2. Nf3 Nc6 3. Bb5 a6 4.
Ba4 Nf6 5. O-O b5 6. Bb3 Bc5 7. a4 Rb8 8. Nc3 O-O 9. axb5 axb5 10. Nd5 Nxe4 11. d3 Nf6 12. Bg5 Be7 13. Nxe7+ Qxe7 14. Re1 h6 15. Bh4 Bb7 16. d4 e4 17.
d5 Ne5 18. Nd4 Ng6 19. Bg3 d6 20. Ra7 Qd7 21. c4 bxc4 22. Ba4 Qc8 23. Nc6 Bxc6 24. Bxc6 Rxb2 25. Qd4 Qb8 26. h3 Rb3 27. Rea1 c3 28. Qc4 Rb1+ 29. Kh2 Rxa1 30. Rxa1 Qb2 31. Ra2 Rb8 32.
h4 h5 33. Kh3 Qb1 34. Ra3 Qh1+ 35. Bh2 Ng4 0-1

[Event "Late-Titled-Tuesday-Blitz-March-26-2024"]
[Site "Chess.com"]
[Date "2024.03.26"]
[Round "6"]
[White "rdarruda"]
[Black "UK_23"]
[Result "1-0"]
[WhiteElo "2528"]
[BlackElo "2385"]
[TimeControl "180+1"]
[EndTime "15:07:03 PDT"]
[Termination "rdarruda won by resignation"]

1. d4 d5 2. Nf3 Nf6 3. c4 e6 4.
e3 a6 5. Nc3 b6 6. Bd3 Bb7 7.
O-O Bd6 8. Qc2 O-O 9. e4 dxe4 10. Nxe4 Nxe4 11. Bxe4 Bxe4 12. Qxe4 Nd7 13. Bg5 Nf6 14.
Qh4 Be7 15. Rad1 h6 16. Bc1 b5 17. b3 bxc4 18. bxc4 Rb8 19. Qg3 Kh8 20. Ne5 Qe8 21.
h3 c5 22. d5 exd5 23. cxd5 Bd6 24. Rfe1 Bxe5 25. Rxe5 Qa4 26. Rde1 Qxa2 27. d6 Rbd8 28. Rxc5 Qb1 29. Bd2 Qb6 30. Rec1 Qxd6 31. Bf4 Qd3 32. Qh4 Ne4 33. Rh5 Qa3 34. Bxh6 Kg8 35. Be3 f6 36. Qxe4 Rfe8 37. Qh7+ Kf7 38. Bh6 Rg8 39. Be3 Rde8 40. Rc7+ Re7 41. Rxe7+ Qxe7 42. Rc5 Rb8 43. Qh5+ g6 44.
Qh7+ Ke6 45. Rc6+ Kd7 46. Rc7+ 1-0

[Event "Late-Titled-Tuesday-Blitz-March-26-2024"]
[Site "Chess.com"]
[Date "2024.03.26"]
[Round "6"]
[White "OparinGrigoriy"]
[Black "BardArtem"]
[Result "0-1"]
[WhiteElo "2972"]
[BlackElo "2836"]
[TimeControl "180+1"]
[EndTime "15:07:05 PDT"]
[Termination "BardArtem won by resignation"]

1. Nc3 d5 2. d4 Nf6 3. Bf4 c5 4. e3 cxd4 5. exd4 a6 6. Nf3 Nc6 7. Ne5 Bd7 8. Nxd7 Qxd7 9. Qd2 e6 10. f3 Bd6 11. Be3 Rc8 12. Ne2 O-O 13. c3 e5 14.
dxe5 Bxe5 15. O-O-O Nb4 16. Kb1 Qf5+ 17. Ka1 Nc2+ 18.
Kb1 Nxe3+ 19. Qd3 Qxd3+ 20. Rxd3 Nxf1 21. Rxf1 Rfd8 22. g3 Kf8 23. Rfd1 Rd7 24. Nc1 Rcd8 25. Nb3 b6 26. a4 Ne8 27. a5 Bc7 28. Nd4 Rd6 29. Nf5 Rf6 30. Rxd5 Rxf5 31. Rxd8 Bxd8 32. Rxd8 Rxa5 33. Kc2 Rf5 34. f4 g5 35. fxg5 Rf2+ 36. Kb1 Rxh2 37. Rb8 b5 38. Rb6 Rg2 39. Rxa6 Rxg3 40.
Rh6 Kg7 41. Rh5 Nd6 42. Ka2 Rg2 43. Ka1 Nc4 44. b3 Nd2 45. Kb2 Ne4+ 46. Ka3 Nxc3 47. Kb4 Ne4 48. Rh4 Nd6 49. Kc5 Rd2 50. Rh6 Ne4+ 51.
Kxb5 Nxg5 52. Rh1 Kg6 53. b4 h5 54. Kc6 Ne6 55. b5 Nd4+ 56. Kc5 Nxb5 57. Kxb5 Rc2 58. Kb4 Rc8 59. Rg1+ Kh6 60. Rf1 h4 61. Rxf7 Kh5 62.
Rh7+ Kg4 63. Rg7+ Kh3 64. Kb3 Kh2 65. Kb2 h3 66. Rg6 Kh1 67. Rg7 h2 68. Rg6 Rf8 69. Kc2 Rf1 70. Kd3 Rg1 71. Rh6 Kg2 72. Rg6+ Kf3 73.
Rf6+ Kg4 74. Rg6+ Kf5 75. Rh6 h1=Q 0-1

[Event "Late-Titled-Tuesday-Blitz-March-26-2024"]
[Site "Chess.com"]
[Date "2024.03.26"]
[Round "6"]
[White "Koalaskakistis"]
[Black "ContrVersia"]
[Result "1-0"]
[WhiteElo "2500"]
[BlackElo "2908"]
[TimeControl "180+1"]
[EndTime "15:07:08 PDT"]
[Termination "Koalaskakistis won by resignation"]

1. e4 c5 2. Nf3 a6 3. c3 e6 4. d4 d5 5. e5 Bd7 6. Bd3 Nc6 7.
O-O Qb6 8. Be2 Rc8 9. dxc5 Bxc5 10. b4 Be7 11. Bd3 f6 12. Bf4 f5 13. Nbd2 Qd8 14.
Nb3 g5 15. Nxg5 Bxg5 16. Qh5+ Kf8 17. Bxg5 Qe8 18. Qxe8+ Kxe8 19. Rfe1 Nd8 20. Nc5 Rc7 21. c4 Nf7 22. Be3 dxc4 23. Bxc4 b6 24. Nxd7 Rxc4 25. Nxb6 Rxb4 26. Rac1 Ne7 27. Bc5 Rb2 28. Red1 Ng6 29. Bd4 Rb5 30. Rc8+ Nd8 31. a4 Rb3 32. Bc5 Kf7 33.
Rd7+ 1-0

[Event "Late-Titled-Tuesday-Blitz-March-26-2024"]
[Site "Chess.com"]
[Date "2024.03.26"]
[Round "6"]
[White "falzehope0"]
[Black "AccioChess"]
[Result "1-0"]
[WhiteElo "2397"]
[BlackElo "2507"]
[TimeControl "180+1"]
[EndTime "15:07:08 PDT"]
[Termination "falzehope0 won on time"]

1. d4 Nf6 2. e3 g6 3. Bd3 Bg7 4. f4 c5 5. Nf3 cxd4 6. exd4 d5 7. O-O Bg4 8. Nbd2 Nc6 9. Qe1 e6 10. c3 Bxf3 11. Nxf3 O-O 12. b3 Rc8 13. Ba3 Re8 14. Ne5 Nd7 15. Kh1 f5 16. Qe2 Nf6 17. Rg1 Ne4 18. Bxe4 fxe4 19. Rgd1 Bf8 20. Bb2 Qf6 21. Rf1 Bd6 22. c4 Ne7 23. Ng4 Qg7 24. c5 Bb8 25. b4 Nf5 26. b5 Rf8 27. Qd2 Qe7 28. g3 Qg7 29. a4 Rf7 30. a5 Rcf8 31. Rac1 a6 32.
bxa6 bxa6 33. Rb1 h5 34. Ne3 h4 35. Nxf5 Rxf5 36. Kg2 Qh7 37. Ba1 g5 38. fxg5 h3+ 39.
Kg1 Bxg3 40. Rxf5 Qxf5 41. hxg3 e3 42. Qe1 1-0

[Event "Late-Titled-Tuesday-Blitz-March-26-2024"]
[Site "Chess.com"]
[Date "2024.03.26"]
[Round "6"]
[White "Christian_Jordan"]
[Black "Defenstrator"]
[Result "0-1"]
[WhiteElo "2023"]
[BlackElo "2471"]
[TimeControl "180+1"]
[EndTime "15:07:09 PDT"]
[Termination "Defenstrator won on time"]

1. e4 f6 2. d4 Kf7 3. f4 Ke6 4. Nf3 d6 5. Bd3 Kd7 6. O-O Qe8 7. e5 Kd8 8. Nc3 c6 9. exd6 exd6 10. Re1 Qf7 11.
Ne4 d5 12. Ng3 Bd6 13. Nf5 Bc7 14. b3 g6 15. Ng3 Ne7 16. c4 Bg4 17. h3 Bxf3 18.
Qxf3 Nd7 19. Ba3 Re8 20. Re2 Nc8 21. Rxe8+ Qxe8 22. Kf2 Qf7 23. Re1 Bd6 24. Bxd6 Nxd6 25. c5 Nc8 26. Qe3 f5 27. Qe6 Qxe6 28. Rxe6 Nf8 29.
Re3 Ne7 30. h4 Kd7 31. h5 Re8 32. hxg6 hxg6 33. Ne2 Ne6 34. Rg3 Rh8 35. Rh3 Rxh3 36. gxh3 Ng8 37. Kg3 Nf6 38. Kh4 Ne4 39. Bxe4 dxe4 40.
Kg3 Ng7 41. Kf2 Ke6 42. Ke3 Nh5 43. Nc3 Nf6 44. b4 Nd5+ 45. Nxd5 Kxd5 0-1

[Event "Late-Titled-Tuesday-Blitz-March-26-2024"]
[Site "Chess.com"]
[Date "2024.03.26"]
[Round "6"]
[White "Mops_2004"]
[Black "TimGrutter03"]
[Result "0-1"]
[WhiteElo "2790"]
[BlackElo "2612"]
[TimeControl "180+1"]
[EndTime "15:07:11 PDT"]
[Termination "TimGrutter03 won by checkmate"]

1. e4 c6 2. d4 d5 3. e5 c5 4. Nf3 cxd4 5. Qxd4 Nc6 6. Qf4 e6 7. Bd3 Nge7 8. O-O Ng6 9. Qg3 Qc7 10. Re1 Nb4 11. Nc3 Nxd3 12. cxd3 Bd7 13. h4 Ne7 14. Nd4 Nc6 15. Ncb5 Qb6 16. Be3 Bc5 17. Qxg7 O-O-O 18.
Nxc6 Bxc6 19. Nd6+ Kb8 20. Bxc5 Qxc5 21. Rac1 Qb6 22.
Rc3 Rhg8 23. Qf6 Rg6 24. Qxf7 Rdg8 25. g3 Rxg3+ 26. Kf1 Rg1+ 27. Ke2 Qxb2+ 28. Ke3 Rxe1+ 29. Kd4 Rg4+ 30. f4 Qf2# 0-1

[Event "Late-Titled-Tuesday-Blitz-March-26-2024"]
[Site "Chess.com"]
[Date "2024.03.26"]
[Round "6"]
[White "Nf3c5"]
[Black "Romkachess"]
[Result "1-0"]
[WhiteElo "2566"]
[BlackElo "2693"]
[TimeControl "180+1"]
[EndTime "15:07:11 PDT"]
[Termination "Nf3c5 won on time"]

1. e4 c5 2. Nf3 d6 3. Nc3 Nf6 4. e5 dxe5 5. Nxe5 Nbd7 6. d4 e6 7. Nc4 Be7 8. Be3 O-O 9. Qf3 Rb8 10. a4 b6 11. Bd3 Bb7 12. Qh3 g6 13. Rd1 Nd5 14. Bh6 Bg5 15. Nxd5 Bxh6 16. Qxh6 exd5 17. Nd2 Re8+ 18. Kf1 c4 19. Be2 Qe7 20. Re1 Qb4 21. h4 Qxb2 22. Nf3 Qxc2 23. h5 Nf8 24. hxg6 fxg6 25. Ne5 Qf5 26. Rh4 Qf6 27. Rf4 Qg7 28.
Qh2 Re7 29. Ng4 1-0

[Event "Late-Titled-Tuesday-Blitz-March-26-2024"]
[Site "Chess.com"]
[Date "2024.03.26"]
[Round "6"]
[White "DeArron_Fox"]
[Black "Nechitaylo_Nikita"]
[Result "1-0"]
[WhiteElo "2510"]
[BlackElo "2354"]
[TimeControl "180+1"]
[EndTime "15:07:13 PDT"]
[Termination "DeArron_Fox won on time"]

1. d4 Nf6 2. c4 e6 3. Nf3 c5 4. d5 d6 5. Nc3 exd5 6. cxd5 g6 7.
Nd2 Bg7 8. e4 O-O 9. Be2 Na6 10.
O-O Nc7 11. Re1 Re8 12. a4 b6 13. Qc2 Rb8 14. Nc4 Ba6 15. Bg5 Bxc4 16. Bxc4 a6 17. Bf1 Qd7 18. e5 dxe5 19. Bxf6 Bxf6 20. Ne4 Bg7 21. Rad1 f5 22. Ng5 Qd6 23. Ne6 Rbc8 24. a5 b5 25. Ng5 Nxd5 26. g3 1-0

[Event "Late-Titled-Tuesday-Blitz-March-26-2024"]
[Site "Chess.com"]
[Date "2024.03.26"]
[Round "6"]
[White "promen1999"]
[Black "Andreikka"]
[Result "1-0"]
[WhiteElo "2849"]
[BlackElo "2981"]
[TimeControl "180+1"]
[EndTime "15:07:15 PDT"]
[Termination "promen1999 won on time"]

1. d4 Nf6 2. c4 e6 3. Nc3 d5 4.
cxd5 exd5 5. Bf4 c5 6. e3 Nc6 7. Bb5 cxd4 8. exd4 Bd6 9. Nge2 O-O 10. O-O Ne7 11. Re1 Ng6 12. Bg3 Ne4 13. Qb3 Nxg3 14. hxg3 Be6 15. Bd3 Qd7 16. Rac1 Ne7 17. Nf4 Bxf4 18.
gxf4 Rac8 19. g3 h5 20. Re5 g6 21. Rce1 Kg7 22. Qa3 Nc6 23. Bb5 h4 24. f5 Bxf5 25.
Nxd5 hxg3 26. Qxg3 Rh8 27. Ne7 Rh5 28. d5 Rch8 29.
Nxf5+ Rxf5 30. dxc6 Qd2 31. Rxf5 Qxe1+ 32. Bf1 Qb1 33.
Qe5+ 1-0

[Event "Late-Titled-Tuesday-Blitz-March-26-2024"]
[Site "Chess.com"]
[Date "2024.03.26"]
[Round "6"]
[White "HanSchut"]
[Black "onnoelgersma"]
[Result "1-0"]
[WhiteElo "2284"]
[BlackElo "2501"]
[TimeControl "180+1"]
[EndTime "15:07:17 PDT"]
[Termination "HanSchut won on time"]

1. e4 d6 2. d4 Nf6 3. Nc3 Nc6 4. f4 Bg4 5. Nf3 e5 6. fxe5 dxe5 7. d5 Nd4 8. Nb5 Bxf3 9. gxf3 Nxe4 10. fxe4 Qh4+ 11. Kd2 Bb4+ 12. c3 Qf2+ 13. Be2 Nxb5 14. cxb4 Nd4 15. Qf1 Qh4 16. Bd3 O-O-O 17. Kc3 f5 18. exf5 Rxd5 19. Bc4 Rd6 20. Be3 Rc6 21. b5 Nxb5+ 22. Kb3 Nd6 23. Be6+ Kb8 24. Rc1 Ra6 25. a3 Qa4+ 26. Ka2 Nb5 27. Qd3 Re8 28. Rhd1 1-0

[Event "Late-Titled-Tuesday-Blitz-March-26-2024"]
[Site "Chess.com"]
[Date "2024.03.26"]
[Round "6"]
[White "YegoryoCh"]
[Black "GodzillaChessYoutube"]
[Result "1-0"]
[WhiteElo "2567"]
[BlackElo "2698"]
[TimeControl "180+1"]
[EndTime "15:07:18 PDT"]
[Termination "YegoryoCh won on time"]

1. e4 c5 2. Nf3 e6 3. d4 cxd4 4. Nxd4 a6 5. c4 Nf6 6. Nc3 Bb4 7. Qd3 Nc6 8. Be2 Qc7 9. O-O O-O 10. Nxc6 dxc6 11.
Bg5 Nd7 12. Qe3 Bc5 13. Qh3 e5 14. Rad1 Re8 15. Qg3 Nf8 16. h4 Kh8 17. h5 h6 18. Bc1 Ne6 19. Bg4 Nd4 20. Be3 Qe7 21. a3 a5 22. Kh1 Bxg4 23. Qxg4 Qe6 24.
Qg3 Nb3 25. Na4 Bd4 26. Rd3 b5 27.
cxb5 cxb5 28. Bxd4 Nxd4 29. Nc3 b4 30. Nd5 Ra7 31.
axb4 axb4 32. Nxb4 Rb8 33. Ra3 Rab7 34. Na6 Rc8 35.
b4 Rb6 36. Nc5 Qe7 37. Nd3 Nc6 38. Rc3 Rd8 39. Rfc1 1-0

[Event "Late-Titled-Tuesday-Blitz-March-26-2024"]
[Site "Chess.com"]
[Date "2024.03.26"]
[Round "6"]
[White "Supelyel"]
[Black "prime-morty"]
[Result "0-1"]
[WhiteElo "2401"]
[BlackElo "2559"]
[TimeControl "180+1"]
[EndTime "15:07:19 PDT"]
[Termination "prime-morty won by resignation"]

1. c4 d6 2. Nc3 g6 3. g3 Bg7 4. Bg2 e5 5. d3 Ne7 6. Nf3 c6 7. O-O O-O 8. Bg5 h6 9. Bxe7 Qxe7 10. Qc2 a5 11. Rab1 Na6 12. a3 Nc5 13. b4 axb4 14. axb4 Ne6 15. b5 Bd7 16. bxc6 bxc6 17. Rb6 Rfb8 18.
Rfb1 Qd8 19. Rxb8 Rxb8 20. Ne4 Rxb1+ 21. Qxb1 d5 22. Ned2 Nc5 23. h4 Qe7 24. Qb8+ Kh7 25. Nh2 e4 26. cxd5 e3 27. Nc4 exf2+ 28. Kxf2 Bd4+ 29.
Kf1 Qf6+ 30. Qf4 cxd5 31. Qxf6 Bxf6 32. Bxd5 Kg7 33. Nf3 g5 34. hxg5 hxg5 35. Kf2 Na4 36. e3 Nc3 37. Ba8 Bb5 38. Nce5 Be7 39. d4 f6 40. Nc6 Bd6 41. Na5 Nd1+ 42. Ke1 Nxe3 43.
Kf2 Nf5 44. g4 Nh6 45. Nc6 Nxg4+ 46. Kg2 Ne3+ 47. Kf2 Nf5 48. Nd8 g4 49. Nd2 g3+ 50. Kg2 Nxd4 51. Ne4 Bc7 52. Nb7 Bc6 53. Na5 Bxa8 0-1